Map: Blackpink LE

Players

BronzeKnee

  • Race: Protoss Protoss
  • Spawn Location: 1:00

A.I. 1 (Very Easy) - Winner!

  • Race: Terran Terran
  • Spawn Location: 7:00

VOD

Have the link to the VOD?

Description

Time

  • Played on: March 24, 2018, 12:11 p.m.
  • Length: 4:29
Show
View Real Time Build Order
Export as new Build Order

BronzeKnee Protoss 

Build Orders: Mass Adepts 

Get SALT Encoding   

  12  0:00  Probe  
  13  0:13  Probe  
  14  0:17  Pylon  
  14  0:25  Probe (Chrono Boost)  
  15  0:37  Probe (Chrono Boost)  
  15  0:38  Gateway  
  16  0:44  Probe (Chrono Boost)  
  16  0:49  Assimilator  
  17  0:51  Probe  
  18  1:06  Probe (Chrono Boost)  
  20  1:19  Probe (Chrono Boost)  
  20  1:26  Probe (Chrono Boost), Cybernetics Core  
  20  1:27  Pylon  
  20  1:30  Zealot  
  23  1:42  Gateway  
  24  1:54  Gateway  
  23  1:59  Warp Gate (Chrono Boost)  
  22  2:05  Adept  
  24  2:18  Gateway  
  24  2:20  Pylon  
  24  2:29  Sentry  
  26  2:35  Probe  
  27  2:38  Adept  
  27  2:39  Pylon  
  29  2:45  Adept  
  31  2:55  Adept  
  33  3:06  Adept x2  
  37  3:14  Zealot  
  39  3:24  Adept  
  41  3:30  Pylon  
  41  3:33  Adept  
  43  3:34  Adept  
  43  3:40  Pylon  
  45  3:52  Adept  
  47  4:02  Adept  
  49  4:08  Pylon  
  49  4:11  Adept x2  
  53  4:18  Zealot  
  55  4:27  Adept  
Show
View Real Time Build Order
Export as new Build Order

A.I. 1 (Very Easy) Terran - Winner!

Build Orders: Reaper Expand 

Get SALT Encoding   

  12  0:00  SCV  
  13  0:13  SCV  
  14  0:18  Supply Depot  
  14  0:41  Barracks  
  14  1:04  Command Center  
  14  1:29  Supply Depot, Orbital Command  
  14  1:31  Marine  
  15  1:37  Refinery  
  15  1:48  Refinery  
  15  1:55  SCV  
  16  2:07  SCV  
  17  2:16  Reaper  
  17  2:19  SCV  
  17  2:21  SCV  
  20  2:31  SCV  
  20  2:35  SCV  
  22  2:43  SCV  
  23  2:49  SCV  
  24  2:54  Refinery  
  24  2:56  Marine  
  24  2:57  SCV  
  26  3:04  SCV  
  27  3:11  SCV  
  28  3:18  SCV  
  29  3:24  Factory  
  29  3:26  SCV  
  30  3:33  SCV  
  31  3:36  Marine  
  32  3:43  SCV  
  33  3:50  Supply Depot  
  33  3:51  SCV  
  34  3:58  SCV  
  35  4:05  SCV  
  36  4:11  Starport  
  36  4:13  SCV  
  38  4:21  Refinery  
  38  4:23  Supply Depot  
Tags
 
Composition
Mass Adepts
Matchup
PvT
Spawn Locations
Cross Positions
Add a new tag
Caveats
  • Supply blocks, unpowered buildings, or Contaminate may cause inaccurate times.
  • Supply counts are checked every 10 seconds.